 Dungeon Crawl Stone Soup version 0.26-a0-652-gafc20e3620 (webtiles) character file.

Game seed: 17042648767847105610

27 DogServant the Vexing (level 2, 0/14 HPs)
             Began as a Spriggan Arcane Marksman on Oct 2, 2020.
             Slain by an adder (4 damage)
             ... on level 2 of the Dungeon.
             The game lasted 00:02:42 (1096 turns).

DogServant the Vexing (Spriggan Arcane Marksman)    Turns: 1096, Time: 00:02:42

Health: 0/14       AC:  2    Str:  6    XL:     2   Next: 93%
Magic:  4/5        EV: 19    Int: 14    God:
Gold:   37         SH:  0    Dex: 16    Spells: 2/3 levels left

rFire    . . .     SeeInvis +   h - +3 whip
rCold    . . .     Faith    .   (shield restricted)
rNeg     . . .     Spirit   .   e - +0 robe
rPois    .         Reflect  .   (helmet restricted)
rElec    .         Harm     .   (no cloak)
rCorr    .         Rampage  .   (gloves unavailable)
MR       .....                  (boots unavailable)
Stlth    +.........             (no amulet)
HPRegen  0.04/turn              (no ring)
MPRegen  0.09/turn              (no ring)

@: lethally poisoned (0 -> -3), very quick
A: very small, unfitting armour, see invisible, speed 3
a: no special abilities


You were on level 2 of the Dungeon.
You visited 1 branch of the dungeon, and saw 2 of its levels.

You collected 37 gold pieces.

Inventory:

Hand Weapons
 a - a +0 shortbow
 g - a +0 dagger
 h - a +3 whip (weapon)
Missiles
 d - 37 arrows
Armour
 e - a +0 robe (worn)
Scrolls
 b - a scroll of random uselessness {unknown}
 i - a scroll of magic mapping {unknown}
Potions
 c - a potion of stabbing {unknown}
 f - a potion of haste {unknown}


   Skills:
 - Level 0.7 Fighting
 + Level 3.1 Bows
 + Level 3.8 Dodging
 - Level 1.3 Spellcasting
 + Level 4.1 Hexes


You had 2 spell levels left.
You knew the following spells:

 Your Spells              Type           Power        Failure   Level
a - Corona                Hex            ##.....      4%          1

Your spell library contained the following spells:

 Spells                   Type           Power        Failure   Level
 Slow                     Hex            ##......     7%          2
 Inner Flame              Hex/Fire       #.......     32%         3
 Portal Projectile        Hex/Tloc       #.....       32%         3
 Cause Fear               Hex            ##........   41%         4
 Leda's Liquefaction      Hex/Erth       #.........   71%         4


Dungeon Overview and Level Annotations

Branches:
Dungeon (2/15)

Altars:


Innate Abilities, Weirdness & Mutations

You are very small and have problems with some larger weapons.
You are too small for most types of armour.
You have supernaturally acute eyesight. (SInv)
You cover ground extremely quickly.


Message History

You hit the adder.
The adder is lightly wounded.
The adder barely misses you.
You hit the adder.
The adder is moderately wounded.
The adder bites you.
You are poisoned.
The adder poisons you!
You barely miss the adder.
The adder is moderately wounded.
You feel sick. The adder bites you. The adder barely misses you.
You hit the adder.
The adder is heavily wounded.
The adder bites you.
You hit the adder.
The adder is severely wounded.
You feel sick. The adder bites you.
* * * LOW HITPOINT WARNING * * *
The adder bites you.
You die...

###...#.##.#
#...#.##.#
####.##.##.#
#....##.##.#
#(#####.##.#
##########.#####.##.#
#................#
#.###..#...#######
#@.#...# #S.#...#
.........#...#
.#...###.#...# ##.
#.#...# # #.#....
#.#.#.## ...#.# ..


You could see an adder (corona).

Vanquished Creatures
  A dart slug (D:1)
  A leopard gecko (D:1)
  2 giant cockroaches (D:1)
  4 hobgoblins
  A kobold (D:1)
  A quokka (D:2)
  3 bats (D:1)
  9 frilled lizards (D:1)
  3 rats (D:1)
25 creatures vanquished.

Vanquished Creatures (others)
  4 plants (D:1)
4 creatures vanquished.

Grand Total: 29 creatures vanquished

Notes
Turn   | Place    | Note
-------+----------+-------------------------------------------
     0 | D:1      | DogServant the Spriggan Arcane Marksman began the quest for
                  | the Orb.
     0 | D:1      | Reached XP level 1. HP: 9/9 MP: 3/3
   183 | D:1      | Reached XP level 2. HP: 7/14 MP: 1/5
   517 | D:1      | Reached skill level 4 in Hexes
  1096 | D:2      | Slain by an adder

Illustrated notes

Levels and vault maps discovered:
D:1:      minmay_arrival_four_circles, layout_basic, minmay_lizard_king
D:2:      layout_loops_ring, makhleb_altar_promises_db, uniq_robin, uniq_natasha

Skill      XL: |  1  2 |
---------------+-------+-----
Hexes          | 4 |  4.1
Bows           | 3 |  3.1
Fighting       | |  0.7
Dodging        | |  3.8
Spellcasting   | |  1.3

Action                   || total
-------------------------++-------
Melee: Whip              ||    63
 Fire: Shortbow          ||    19
 Cast: Corona            ||     9
  Use: Scroll            ||     3
Armor: Robe              ||     6
Dodge: Dodged            ||    66

Table legend: (Time is in decaauts)
 A = Elapsed time spent in this place.
 B = Non-inter-level travel time spent in this place.
 C = Inter-level travel time spent in this place.
 D = Time resting spent in this place.
 E = Time spent auto-exploring this place.
 F = Levels seen in this place.
 G = Mean time per level.
                   A        B        C        D        E       F      G
               +--------+--------+--------+--------+--------+-----+--------+
         Total |    854 |    822 |     32 |    300 |    298 |   2 |  427.0 |
       Dungeon |    854 |    822 |     32 |    300 |    298 |   2 |  427.0 |
               +--------+--------+--------+--------+--------+-----+--------+

Top non-repeatable levels by time:
     D:1: 716 daAuts
     D:2: 137 daAuts
